 Dungeon Crawl Stone Soup version 0.28.0-53-g5a82cb258f (webtiles) character file.

Game seed: 7828709186529075302

79 safid the Skirmisher (level 4, 0/39 (41) HPs)
             Began as a Hill Orc Fighter on July 26, 2022.
             Was a Follower of Dithmenos.
             Slain by an ogre
             ... wielding a +0 giant spiked club
              (19 damage)
             ... on level 4 of the Dungeon.
             The game lasted 00:02:57 (2351 turns).

safid the Skirmisher (Hill Orc Fighter)             Turns: 2351, Time: 00:02:58

HP:   0/39 (41)     AC:  7    Str: 20    XL:     4   Next: 38%
MP:   4/4           EV:  9    Int:  8    God:    Dithmenos [*.....]
Gold: 95            SH:  4    Dex: 10    Spells: 3/3 levels left

rFire   . . .      SeeInvis .   o - +0 war axe
rCold   . . .      Faith    .   c - +0 buckler
rNeg    . . .      Spirit   .   b - +0 scale mail
rPois   .          Reflect  .   (no helmet)
rElec   .          Harm     .   (no cloak)
rCorr   .          Rampage  .   (no gloves)
Will    .....                   (no boots)
Stlth   ..........              (no amulet)
HPRegen 0.13/turn               (no ring)
MPRegen 0.09/turn               (no ring)

@: wreathed by umbra, lightly drained
A: no striking features
a: Renounce Religion


You were on level 4 of the Dungeon.
You worshipped Dithmenos.
Dithmenos was aware of your devotion.
You visited 1 branch of the dungeon, and saw 4 of its levels.

You collected 95 gold pieces.

Inventory:

Hand Weapons
 o - a +0 war axe (weapon)
Missiles
 n - 6 boomerangs (quivered)
Armour
 b - a +0 scale mail (worn)
 c - a +0 buckler (worn)
Jewellery
 j - a ring of resist corrosion
 m - a ring of wizardry
Scrolls
 e - 5 scrolls of identify {unknown}
 h - a scroll of brand weapon {unknown}
 p - a scroll of fear {unknown}
 q - a scroll of immolation {unknown}
 s - a scroll of holy word {unknown}
 t - a scroll of enchant weapon {unknown}
Potions
 a - a potion of berserk rage {unknown}
 d - 2 potions of might
 f - a potion of curing {unknown}
 g - a potion of attraction {unknown}
 i - a potion of resistance {unknown}
 k - a potion of heal wounds {unknown}
 l - a potion of degeneration {unknown}
 r - a potion of haste {unknown}


   Skills:
 + Level 4.4 Fighting
 * Level 1.2(2.1) Axes
 - Level 2.1(2.3) Polearms
 + Level 4.3 Armour
 - Level 4.0 Shields


You had 3 spell levels left.
You didn't know any spells.
Your spell library contained the following spells:

 Spells                   Type           Power      Damage    Failure   Level
 Confusing Touch          Hex            0%         N/A       99%         3
 Yara's Violent Unravell  Hex/Tmut       0%         3d3       100%        5
 Enfeeble                 Hex            0%         N/A       100%        7


Dungeon Overview and Level Annotations

Branches:
Dungeon (4/15)
 Temple: D:4-7

Altars:
Dithmenos


Message History

No target in view!
There is a stone staircase leading down here.
An ogre comes into view. It is wielding a +0 giant spiked club.
The ogre shouts!
You hear a shout!
An ogre is nearby!
A goblin comes into view. It is wielding a +0 club.
The goblin shouts!
You block the ogre's attack.
A hobgoblin comes into view.
You slash the ogre!
The ogre is heavily wounded.
The ogre barely misses you.
An orc comes into view. It is wielding a +0 dagger.
You slash the ogre!
The ogre is severely wounded.
The ogre hits you with a +0 giant spiked club!!
Ouch! That really hurt!
You are too injured to fight recklessly!
You are too injured to fight recklessly!
You are too injured to fight recklessly!
You are too injured to fight recklessly!
You are too injured to fight recklessly!
You are too injured to fight recklessly!
You are too injured to fight recklessly!
You are too injured to fight recklessly!
You are too injured to fight recklessly!
You are too injured to fight recklessly!
You are too injured to fight recklessly!
You are too injured to fight recklessly!
You are too injured to fight recklessly!
You are too injured to fight recklessly!
You are too injured to fight recklessly!
You are too injured to fight recklessly!
You are too injured to fight recklessly!
You are too injured to fight recklessly!
Unknown command.
You hit the ogre but do no damage.
The ogre is severely wounded.
The ogre hits you with a +0 giant spiked club!!
You die...

#.. ### #.# #
#.. #.# .###g#
#.# #.#go #.#
#.O# #.# #@#
#.# #.# #.#
#.# #.####.#
##.##...#
##...#.###
#.###..#####.#
#.# #........#
#.###..####..


You could see an ogre, an orc, a hobgoblin and a goblin.

Vanquished Creatures
  Terence (D:2)
  An adder (D:3)
  A dart slug (D:1)
  8 bats
  5 endoplasms
  A giant cockroach (D:1)
  A goblin (D:2)
  9 hobgoblins
  A quokka (D:1)
  3 ball pythons
  2 frilled lizards
  6 kobolds
  4 rats
43 creatures vanquished.

Notes
Turn   | Place    | Note
-------+----------+-------------------------------------------
     0 | D:1      | safid the Hill Orc Fighter began the quest for the Orb.
     0 | D:1      | Reached XP level 1. HP: 19/19 MP: 1/1
    85 | D:1      | Reached XP level 2. HP: 23/27 MP: 2/2
   601 | D:2      | Reached XP level 3. HP: 33/33 MP: 3/3
   685 | D:2      | Found a faded altar of an unknown god.
   775 | D:2      | Prayed at the altar of an unknown god.
   775 | D:2      | Became a worshipper of Dithmenos the Shadowed
   775 | D:2      | Reached * piety under Dithmenos
   902 | D:2      | Noticed Terence
   913 | D:2      | Killed Terence
  1172 | D:2      | Reached XP level 4. HP: 35/36 MP: 4/4
  1703 | D:3      | Reached skill level 1 in Axes
  2347 | D:4      | Noticed an ogre
  2351 | D:4      | Slain by an ogre

Illustrated notes

Levels and vault maps discovered:
D:1:      heliophobic_arrival_henge, layout_basic
D:2:      layout_loops_ring, hellmonk_ecumenical_altar_lost_god,
          kennysheep_big_empty_room, minmay_crystal_room, chequers_jeans,
          mrwooster_statue_mirror, kennysheep_boxes, uniq_terence
D:3:      mumra_celtic_spiral_tile, layout_loops_cross, slow_altar_2,
          corexii_corridor_pit, chequers_serial_rivers_micro_d, kennysheep_nub,
          chequers_serial_rivers_room_a, minmay_distorted
D:4:      layout_loops_ring, serial_shops, nicolae_shop_trees, uniq_menkaure

Skill      XL: |  1  2  3  4 |
---------------+-------------+-----
Fighting       | 4 |  4.4
Armour         | 4 |  4.3
Shields        | 4 |  4.0
Axes           | 1 |  1.2
Polearms       | |  2.1

Action                   |  1- 3 |  4- 6 || total
-------------------------+-------+-------++-------
Melee: Trident           |    95 |       ||    95
       War axe           |     3 |    33 ||    36
Armor: Scale mail        |    33 |    12 ||    45
Dodge: Dodged            |    33 |    26 ||    59
Block: Buckler           |    15 |     5 ||    20
